AoeStats
← Jazzmushroom

African Clearing

510397492Analyzed
4v4 RM · 20h ago on Sep 30, 2026· 45m 49s· 8 players
Game mode
Random Map
Map size
Large (8 player)
Population
200
Speed
Normal
Resources
Standard
Victory
Conquest
Starting age
Dark Age
Ending age
Imperial Age
RankedLock teamsTeams togetherTeam positionsShared explorationLock speedFull tech treeHidden civsTurbo modeCheats
Victory
Defeat
🇺🇸 Saxons · United States
1402
+17
🇺🇸 Varangians · United States
1380
+18
🇭🇺 Armenians · Hungary
1376
+18
🇨🇱 Magyars · Chile
1363
+18
🇹🇷 Georgians · Türkiye
1441
-19
🇹🇷 Franks · Türkiye
1430
-18
🇹🇷 Magyars · Türkiye
1423
-18
🇮🇳 Khmer · India
1365
-16
Chungus
5:58 Loom
14:03 Feudal Age
18:44 Castle Age
17:10 Town Watch
17:32 Double-Bit Axe
20:10 Bow Saw
22:04 Wheelbarrow
21:32 Fletching
22:51 Fishing Lines
23:31 Gillnets
30:36 Bodkin Arrow
32:14 Hand Cart
36:22 Imperial Age
34:39 Ballistics
34:21 Scale Mail Armor
34:31 Forging
35:43 Chain Mail Armor
36:41 Iron Casting
35:55 Treadmill Crane
36:11 Man-at-Arms
37:17 Squires
37:02 Gambesons
37:54 Plate Mail Armor
37:14 Horse Collar
36:59 Long Swordsman
37:42 Arson
39:05 Blast Furnace
37:43 Two-Handed Swordsman
38:37 Fereters
38:52 Conscription
39:08 Gold Mining
38:42 Champion
39:24 Capped Ram
40:43 Bracer
43:03 Fortified Wall
43:53 Chemistry
46:00 Town Patrol
46:24 Heavy Plow
busy pushing deer
13:34 Feudal Age
15:30 Double-Bit Axe
17:48 Castle Age
15:36 Fishing Lines
18:49 Bow Saw
21:07 Loom
21:57 Wheelbarrow
21:08 Town Watch
23:46 Hand Cart
23:01 Pikeman
23:42 Squires
24:43 Gillnets
27:58 Ballistics
28:01 Fletching
30:51 Bodkin Arrow
30:57 Scale Mail Armor
31:07 Forging
34:42 Imperial Age
32:24 Gold Mining
32:25 Stone Mining
32:12 Clerical Recruitment
32:36 Treadmill Crane
33:38 Horse Collar
34:21 Chain Mail Armor
34:41 Iron Casting
34:42 Padded Archer Armor
35:02 Thumb Ring
35:00 Cranequins
36:44 Two-Man Saw
35:47 Bracer
36:52 Chemistry
37:25 Plate Mail Armor
36:34 Halberdier
37:41 Conscription
37:41 Heavy Mounted Crossbowman
38:57 Shield Wall
39:56 Leather Archer Armor
41:35 Guard Tower
41:30 Arrowslits
41:51 Siege Engineers
42:19 Ring Archer Armor
44:14 Keep
45:20 Heavy Plow
Jazzmushroom
12:30 Loom
15:03 Feudal Age
15:55 Double-Bit Axe
17:13 Fletching
19:29 Castle Age
20:42 Stone Mining
21:31 Town Watch
22:54 Horse Collar
23:54 Bow Saw
31:14 Gold Mining
31:33 Squires
33:39 Wheelbarrow
34:31 Bloodlines
34:29 Bodkin Arrow
35:34 Hand Cart
36:12 Forging
36:04 Scale Mail Armor
36:45 Gambesons
36:46 Arson
37:44 Iron Casting
41:16 Imperial Age
39:34 Chain Mail Armor
41:18 Elite Varangian Guard
41:20 Gothikon
42:42 Conscription
43:30 Plate Mail Armor
44:07 Blast Furnace
DD2E D10 Bulldozer
3:50 Loom
12:35 Feudal Age
13:48 Double-Bit Axe
16:31 Scale Barding Armor
17:15 Bloodlines
18:06 Horse Collar
26:13 Castle Age
24:34 Gold Mining
27:55 Chain Barding Armor
28:05 Husbandry
30:34 Wheelbarrow
32:53 Hand Cart
40:22 Heavy Plow
42:34 Stone Mining
DeX_Senjutsu
10:18 Loom
12:36 Feudal Age
13:16 Double-Bit Axe
13:12 Horse Collar
21:05 Scale Barding Armor
21:53 Forging
24:32 Gold Mining
27:34 Castle Age
28:29 Bloodlines
28:19 Husbandry
28:54 Chain Barding Armor
31:23 Fishing Lines
35:32 Iron Casting
37:56 Bow Saw
37:47 Heavy Plow
37:52 Fletching
40:02 Wheelbarrow
40:14 Svan Towers
40:18 Bodkin Arrow
40:33 Gillnets
DeX_sepultura
7:59 Loom
13:37 Feudal Age
17:38 Castle Age
15:48 Double-Bit Axe
22:54 Bow Saw
27:19 Wheelbarrow
28:26 Hand Cart
32:32 Imperial Age
30:29 Fletching
31:29 Forging
31:54 Scale Mail Armor
32:19 Gold Mining
33:03 Scale Barding Armor
33:34 Iron Casting
32:40 Cavalier
33:49 Conscription
34:06 Chain Barding Armor
36:37 Gold Shaft Mining
35:31 Paladin
36:13 Husbandry
37:17 Chain Mail Armor
37:39 Plate Barding Armor
38:01 Coinage
38:34 Blast Furnace
37:27 Elite Throwing Axeman
38:13 Squires
37:59 Gambesons
40:16 Chivalry
41:23 Plate Mail Armor
42:47 Light Cavalry
adi.rathore
8:06 Loom
13:36 Feudal Age
17:23 Castle Age
15:37 Double-Bit Axe
16:15 Horse Collar
DeX_NadiZZaR
6:44 Loom
11:52 Feudal Age
13:26 Double-Bit Axe
14:06 Town Watch
23:52 Castle Age
22:04 Horse Collar
23:03 Wheelbarrow
24:15 Scale Barding Armor
24:37 Bloodlines
24:35 Husbandry
23:56 Light Cavalry
28:55 Chain Barding Armor
29:01 Gold Mining
34:41 Fletching
35:49 Bow Saw
38:46 Heavy Plow
39:21 Gold Shaft Mining
40:55 Bodkin Arrow
41:01 Padded Archer Armor
41:22 Ballistics
43:59 Imperial Age
43:26 Leather Archer Armor
44:39 Hand Cart
45:16 Parthian Tactics
44:12 Heavy Cavalry Archer
45:03 Bracer
Connection lost

Rejoining the realm…

Still unreachable

The connection could not be restored.

Session expired

The server has moved on; the page needs a fresh start.